AoeStats
← KOENAGUERO

Arena

510156439Analyzed
3v3 RM · 3d ago on Sep 29, 2026· 41m 28s· 6 players
Game mode
Random Map
Map size
Normal (6 player)
Population
200
Speed
Normal
Resources
Standard
Victory
Conquest
Starting age
Dark Age
Ending age
Imperial Age
RankedLock teamsTeams togetherTeam positionsShared explorationLock speedFull tech treeHidden civsTurbo modeCheats
Victory
Defeat
🇳🇱 Turks · Netherlands
1233
+16
🇨🇳 Mongols · China
1228
+16
🇹🇷 Franks · Türkiye
1190
+18
🇵🇪 Japanese · Peru
1262
-18
🇳🇱 Varangians · Netherlands
1246
-17
🇸🇰 Poles · Slovakia
1202
-15
pickmyself or end
10:35 Feudal Age
11:54 Double-Bit Axe
11:53 Horse Collar
14:53 Castle Age
16:00 Bow Saw
16:25 Heavy Plow
17:12 Wheelbarrow
23:11 Hand Cart
22:42 Loom
24:03 Town Watch
25:17 Stone Mining
25:18 Gold Mining
28:46 Imperial Age
26:09 Fletching
26:20 Padded Archer Armor
27:20 Bodkin Arrow
28:10 Gold Shaft Mining
28:12 Stone Shaft Mining
29:11 Leather Archer Armor
29:14 Bloodlines
29:04 Husbandry
29:14 Bloodlines
28:25 Light Cavalry
29:48 Conscription
28:50 Elite Mangudai
30:10 Ballistics
30:20 Parthian Tactics
31:24 Chemistry
30:28 Bracer
30:39 Forging
30:57 Scale Barding Armor
31:57 Chemistry
31:08 Thumb Ring
30:49 Capped Ram
31:05 Hussar
32:50 Iron Casting
33:06 Chain Barding Armor
32:13 Siege Ram
33:06 Fervor
33:52 Masonry
34:24 Drill
37:57 Blast Furnace
39:18 Coinage
40:56 Banking
40:49 Heavy Camel Rider
KOENAGUERO
11:02 Feudal Age
14:37 Castle Age
12:49 Double-Bit Axe
12:46 Horse Collar
17:27 Loom
21:06 Stone Mining
21:27 Heavy Plow
21:45 Bow Saw
23:54 Town Watch
25:48 Wheelbarrow
25:58 Bloodlines
25:43 Fletching
29:54 Imperial Age
27:27 Gold Mining
27:36 Bodkin Arrow
28:31 Husbandry
28:39 Scale Barding Armor
30:04 Chain Barding Armor
29:55 Forging
31:04 Artillery
31:24 Conscription
33:15 Hand Cart
34:14 Fortified Wall
34:09 Bracer
34:45 Iron Casting
34:52 Plate Barding Armor
35:50 Two-Man Saw
35:16 Ballistics
35:11 Masonry
34:43 Treadmill Crane
37:19 Conscription
37:52 Padded Archer Armor
39:03 Blast Furnace
38:11 Elite Janissary
GADDAR
0:33 Loom
2:01 Loom
10:14 Feudal Age
15:27 Castle Age
13:44 Double-Bit Axe
19:06 Bow Saw
20:36 Husbandry
23:07 Wheelbarrow
24:18 Gold Mining
25:35 Hand Cart
26:02 Fletching
30:10 Imperial Age
27:59 Bodkin Arrow
28:25 Ordonnance Companies
30:33 Elite Throwing Axeman
31:28 Light Cavalry
34:12 Scale Barding Armor
34:06 Cavalier
36:24 Chain Barding Armor
37:02 Forging
37:23 Conscription
37:59 Plate Barding Armor
37:26 Paladin
38:43 Caravan
Theurarthur
10:39 Feudal Age
14:23 Castle Age
12:28 Double-Bit Axe
12:50 Horse Collar
21:34 Stone Mining
21:39 Gold Mining
22:45 Bow Saw
23:47 Heavy Plow
25:55 Forging
30:31 Imperial Age
28:54 Scale Mail Armor
30:00 Wheelbarrow
29:12 Loom
29:13 Town Watch
31:17 Chain Mail Armor
30:50 Gambesons
32:08 Scale Barding Armor
32:38 Iron Casting
32:42 Bloodlines
31:55 Cavalier
34:41 Chain Barding Armor
34:29 Fletching
36:15 Bodkin Arrow
Emilio
9:50 Feudal Age
10:35 Double-Bit Axe
17:46 Castle Age
18:51 Bow Saw
27:48 Imperial Age
25:25 Pikeman
26:13 Loom
26:49 Horse Collar
27:19 Szlachta Privileges
28:34 Bloodlines
28:35 Scale Barding Armor
28:41 Forging
29:47 Gold Mining
31:07 Conscription
32:27 Cavalier
33:08 Husbandry
33:09 Light Cavalry
34:50 Iron Casting
34:50 Chain Barding Armor
38:23 Blast Furnace
37:36 Winged Hussar
Rasec
10:22 Feudal Age
14:12 Castle Age
13:03 Double-Bit Axe
13:00 Horse Collar
15:12 Bow Saw
18:36 Gold Mining
25:01 Imperial Age
22:48 Fletching
24:29 Wheelbarrow
23:40 Loom
23:41 Town Watch
24:36 Bodkin Arrow
25:59 Bracer
25:29 Crossbowman
29:37 Two-Man Saw
28:38 Heavy Plow
29:22 Ballistics
29:17 Arbalester
30:43 Thumb Ring
32:19 Padded Archer Armor
33:22 Chemistry
33:34 Leather Archer Armor
39:01 Pikeman
39:53 Forging
40:14 Ring Archer Armor
39:49 Scale Barding Armor
39:59 Halberdier
Connection lost

Rejoining the realm…

Still unreachable

The connection could not be restored.

Session expired

The server has moved on; the page needs a fresh start.